 Dungeon Crawl Stone Soup version 0.29.1-15-g9cfb28693d (webtiles) character file.

Game seed: 6907246103978162743

24 croobank the Sneak (level 3, -1/26 HPs)
             Began as an Octopode Delver on Mar 15, 2023.
             Slain by a black bear (7 damage)
             ... on level 4 of the Dungeon.
             The game lasted 00:01:48 (622 turns).

croobank the Sneak (Octopode Delver)                 Turns: 622, Time: 00:01:49

Health: -1/26      AC:  1    Str: 11    XL:     3   Next: 2%
Magic:  3/3        EV: 13    Int: 14    God:
Gold:   7          SH:  0    Dex: 13    Spells: 2/2 levels left

rFire   + . .      SeeInvis .   a - +0 hand axe
rCold   . . .      Faith    .   (no shield)
rNeg    . . .      Spirit   .   (helmet restricted)
rPois   .          Reflect  .   (no amulet)
rElec   .          Harm     .   h - ring of protection from fire
rCorr   .          Rampage  .   (no ring)
Will    .....                   (no ring)
Stlth   ++++......              (no ring)
HPRegen 0.08/turn               (no ring)
MPRegen 0.08/turn               (no ring)
                                (no ring)
                                (no ring)

@: no status effects
A: almost no armour, amphibious, 8 rings, camouflage 1, gelatinous body 1,
(nimble swimmer 1), tentacles
a: no special abilities


You were on level 4 of the Dungeon.
You visited 1 branch of the dungeon, and saw 3 of its levels.

You collected 7 gold pieces.

Inventory:

Hand Weapons
 a - a +0 hand axe (weapon)
Jewellery
 h - a ring of protection from fire (left tentacle)
Wands
 f - a wand of digging (2)
 g - a wand of iceblast (8)
Scrolls
 b - a scroll of fog
Potions
 e - 2 potions of haste


   Skills:
 + Level 3.2 Fighting
 + Level 2.4 Axes
 + Level 2.3 Dodging
 + Level 6.9 Stealth


You had 2 spell levels left.
You didn't know any spells.
Your spell library was empty.

Dungeon Overview and Level Annotations

Branches:
Dungeon (6/15)
 Temple: D:4-7

Altars:
Wu Jian

Shops:
D:5 !

Annotations:
D:6 Edmund


Innate Abilities, Weirdness & Mutations

You cannot wear most types of armour.
You are amphibious.
You can wear up to eight rings at the same time.
Your skin changes colour to match your surroundings (Stealth+).
Your rubbery body absorbs attacks. (AC +1, EV +1)
((You are camouflaged when in or above water. (Stealth+)))
You have tentacles for arms and can constrict up to eight enemies at once.


Message History

Found a scroll labelled UMUTOM RAW VASK.
The orc shouts! x3; You hear an angry growl.
An orc comes into view. It is wielding a +0 club.
An orc and an orc wizard come into view.
A black bear comes into view.
The orc hits you with a +0 dagger.
An orc comes into view. It is wielding a +0 short sword.
The orc wizard moves out of view.
Aiming: Dig
Press: ? - help, Shift-Dir - straight line A rock wall.
The rock shatters into small pieces.
The orc shouts!
The orc hits you with a +0 dagger.
Found an escape hatch in the ceiling.
The orc attacks as you move away! The orc hits you with a +0 dagger.
An orc comes into view. It is wielding a +0 war axe.
An orc wizard comes into view. It is wielding a +0 dagger.
Found a stone staircase leading up.
The orc wizard shouts!
You see here 9 stones.
The black bear attacks as you move away!
The black bear bites you. The black bear barely misses you.
The black bear claws you.
There is an escape hatch in the ceiling here.
Okay, then.
Okay, then.
The black bear misses you. The black bear claws you.
* * * LOW HITPOINT WARNING * * *
The black bear claws you.
* * * LOW HITPOINT WARNING * * *
The orc barely misses you. A mysterious force pulls you upwards.
The hatch slams shut behind you.
Found 14 gold pieces.
You hit the black bear. You grab the black bear.
The black bear is lightly wounded.
You hit the orc.
You constrict the black bear, but do no damage.
The black bear bites you!
You die...

#.# #.#
#.## ...#
##..###
.....
#.$# #@o#
#.h#
.....
....#.#
.#..##...
#.#..#
### #
#... ..#.


You could see a black bear and an orc.

Vanquished Creatures
  An adder (D:5)
  A shadow imp (D:5)
  An ufetubus (D:6)
  An orc (D:6)
4 creatures vanquished.

Notes
Turn   | Place    | Note
-------+----------+-------------------------------------------
     0 | D:5      | croobank the Octopode Delver began the quest for the Orb.
     0 | D:5      | Reached XP level 1. HP: 16/16 MP: 1/1
     8 | D:6      | Noticed Edmund
    80 | D:6      | Reached XP level 2. HP: 10/21 MP: 2/2
   267 | D:6      | Found an ornate altar of the Wu Jian Council.
   331 | D:5      | Found Jiupsog's Distillery.
   418 | D:5      | Reached XP level 3. HP: 12/26 MP: 3/3
   594 | D:5      | Noticed an ogre
   611 | D:5      | Noticed a black bear
   622 | D:4      | Slain by a black bear

Illustrated notes

Levels and vault maps discovered:
D:4:      layout_basic, dk_vineyard_1, kennysheep_generic_room_6
D:5:      layout_rooms, serial_shops, nicolae_diamond_shop
D:6:      hellmonk_crumbling_castle, layout_loops_corners,
          overflow_temple_1_default, st_stairs_10, corexii_corridor_pit,
          uniq_edmund

Action                   || total
-------------------------++-------
Melee: Hand axe          ||    13
       Constrict         ||     4
Evoke: Wand              ||     1
  Use: Scroll            ||     2
 Stab: Sleeping          ||     2
Dodge: Dodged            ||    14
